 Dungeon Crawl Stone Soup version 0.23.2-40-g277498a001 (webtiles) character file.

Game seed: 17797502409753653575

844 Niraks the Basher (level 7, -11/94 HPs)
             Began as a Minotaur Berserker on Aug 25, 2019.
             Was a Priest of Trog.
             Mangled by an orc warrior
             ... wielding a +0 short sword of speed
              (14 damage)
             ... on level 5 of the Dungeon.
             The game lasted 00:06:34 (4834 turns).

Niraks the Basher (Minotaur Berserker)              Turns: 4834, Time: 00:06:34

Health: -11/94     AC:  6    Str: 26    XL:     7   Next: 68%
Magic:  6/6        EV: 11    Int:  4    God:    Trog [***...]
Gold:   309        SH:  0    Dex: 12    Spells: 6/6 levels left

rFire    . . .     SeeInvis .   h - +0 whip
rCold    . . .     Gourm    .   (no shield)
rNeg     . . .     Faith    .   d - +0 ring mail
rPois    .         Spirit   .   l - +0 hat
rElec    .         Reflect  .   (no cloak)
rCorr    .         Harm     .   (no gloves)
MR       .....                  (no boots)
Stlth    ..........             (no amulet)
HPRegen  0.25/turn              (no ring)
MPRegen  0.10/turn              (no ring)

@: berserking, very quick
A: retaliatory headbutt, horns 2
a: Berserk, Trog's Hand, Renounce Religion


You were on level 5 of the Dungeon.
You worshipped Trog.
Trog was most pleased with you.
You were not hungry.

You visited 1 branch of the dungeon, and saw 6 of its levels.

You collected 309 gold pieces.

Inventory:

Hand Weapons
 h - a +0 whip (weapon)
Armour
 d - a +0 ring mail (worn)
 l - a +0 hat (worn)
 p - a +0 scale mail
 s - a +0 chain mail
 v - a +0 plate armour
Jewellery
 t - an uncursed ring of magical power {unknown}
 u - an uncursed ring of protection from cold {unknown}
 x - a +4 ring of intelligence {unknown}
 y - an uncursed ring of magical power {unknown}
 C - a +5 ring of strength {unknown}
Scrolls
 b - 2 scrolls of blinking {unknown}
 f - 2 scrolls of remove curse {unknown}
 g - 3 scrolls of magic mapping {unknown}
 j - 6 scrolls of identify {unknown}
 m - 3 scrolls of teleportation {unknown}
 o - 3 scrolls of random uselessness {unknown}
 r - 2 scrolls of amnesia {unknown}
Potions
 a - a potion of might {unknown}
 e - 3 potions of curing {unknown}
 i - a potion of flight {unknown}
 k - 2 potions of mutation {unknown}
 n - a potion of cancellation {unknown}
 q - a potion of heal wounds {unknown}
 w - a potion of lignification {unknown}
 z - 2 potions of magic {unknown}
 A - a potion of degeneration {unknown}
 B - 2 potions of haste
 D - a potion of berserk rage {unknown}
Comestibles
 c - 9 rations


   Skills:
 + Level 6.2 Fighting
 * Level 8.3 Maces & Flails
 + Level 5.7 Armour
 - Level 2.1 Dodging


You had 6 spell levels left.
You didn't know any spells.
Your spell library was empty.

Dungeon Overview and Level Annotations

Branches:
Dungeon (6/15)
 Temple: D:4-7

Altars:
Cheibriados
Fedhas
Makhleb
Qazlal
Trog
Uskayaw


Innate Abilities, Weirdness & Mutations

You reflexively headbutt those who attack you in melee.
You have a pair of horns on your head.


Message History

* * * LOW HITPOINT WARNING * * *
You hit the orc warrior. Your headbutt misses the orc warrior.
The orc warrior is almost dead.
You hit the orc warrior but do no damage.
The orc warrior is almost dead.
The orc warrior completely misses you.
You barely miss the orc warrior. Your headbutt misses the orc warrior.
The orc warrior is almost dead.
The ogre hits you with a +0 giant club!
* * * LOW HITPOINT WARNING * * *
You hit the orc warrior.
The orc warrior is almost dead.
The orc warrior closely misses you.
You closely miss the orc warrior.
You headbutt the orc warrior, but do no damage.
The orc warrior is almost dead.
You barely miss the orc warrior.
The orc warrior is almost dead.
The orc warrior hits you with a +0 short sword of speed!
You die...

### #.. #.#
################### #.#
#....o@)..........# #.#
#.####O##########.###.#
#.####.# #......# #....#.#
#..##### ####.#.# #.......
########.#.###########.####
##..........................
#...#####..#############....
#...# #....# ########....


You could see an orc warrior and an ogre.

Vanquished Creatures
  2 ogres
  A centaur (D:6)
  A bullfrog (D:5)
  A scorpion (D:4)
  A howler monkey (D:5)
  A crimson imp (D:5)
  A centaur zombie (D:5)
  A jelly (D:5)
  4 iguanas
  2 worker ants
  A worker ant zombie (D:5)
  4 gnolls
  4 adders
  A howler monkey skeleton (D:4)
  A shadow imp (D:5)
  An ooze (D:5)
  A worm (D:3)
  5 dart slugs
  3 leopard geckos
  5 orcs
  6 giant cockroaches
  8 goblins
  5 hobgoblins
  8 jackals
  9 kobolds
  3 quokkas
  A ball python (D:1)
  5 bats
  3 frilled lizards
  2 rats
  A butterfly (D:5)
92 creatures vanquished.

Vanquished Creatures (others)
  An iguana (D:5)
1 creature vanquished.

Grand Total: 93 creatures vanquished

Notes
Turn   | Place    | Note
-------+----------+-------------------------------------------
     0 | D:1      | Niraks the Minotaur Berserker began the quest for the Orb.
     0 | D:1      | Reached XP level 1. HP: 19/19 MP: 0/0
   445 | D:1      | Reached skill level 4 in Maces & Flails
   448 | D:1      | Reached XP level 2. HP: 27/27 MP: 1/1
  1143 | D:2      | Reached XP level 3. HP: 32/33 MP: 2/2
  1275 | D:2      | Found a blossoming altar of Fedhas.
  1278 | D:2      | Found a bloodstained altar of Trog.
  1281 | D:2      | Found a stormy altar of Qazlal.
  1386 | D:2      | Reached ** piety under Trog
  1884 | D:3      | Reached skill level 5 in Maces & Flails
  1884 | D:3      | Reached XP level 4. HP: 40/40 MP: 3/3
  2627 | D:4      | Reached XP level 5. HP: 44/47 MP: 4/4
  2644 | D:4      | Noticed an ogre
  2663 | D:4      | HP: 1/47 [ogre/+0 giant club (17)]
  2665 | D:4      | Killed an ogre
  2665 | D:4      | Reached skill level 6 in Maces & Flails
  3062 | D:4      | Found a snail-covered altar of Cheibriados.
  3111 | D:4      | Reached skill level 5 in Fighting
  3130 | D:4      | Reached XP level 6. HP: 46/56 MP: 5/5
  3230 | D:4      | Found a burning altar of Makhleb.
  3483 | D:5      | Entered Level 5 of the Dungeon
  3684 | D:5      | Reached skill level 7 in Maces & Flails
  3861 | D:5      | Reached skill level 5 in Armour
  3873 | D:5      | Reached *** piety under Trog
  3873 | D:5      | Reached XP level 7. HP: 42/62 MP: 6/6
  4268 | D:6      | Found a hide-covered altar of Uskayaw.
  4268 | D:6      | Noticed a +0 hand axe
  4268 | D:6      | Noticed a +0 hand axe
  4463 | D:6      | Reached skill level 8 in Maces & Flails
  4831 | D:5      | HP: 3/94 [ogre/+0 giant club (13)]
  4834 | D:5      | Mangled by an orc warrior

Skill      XL: |  1  2  3  4  5  6  7 |
---------------+----------------------+-----
Maces & Flails | 4 5 6 7 8 |  8.3
Fighting       | 4 5 6 |  6.2
Armour         | 3 4 5 |  5.7
Dodging        | |  2.1

Action                   |  1- 3 |  4- 6 |  7- 9 || total
-------------------------+-------+-------+-------++-------
Melee: Mace              |    21 |       |       ||    21
       Headbutt          |    16 |    37 |    11 ||    64
       Whip              |    85 |   138 |    58 ||   281
Invok: Berserk           |     1 |     1 |     2 ||     4
       Trog's Hand       |     1 |     1 |     1 ||     3
  Eat: Chunk             |     4 |     7 |       ||    11
       Ration            |       |       |     2 ||     2
Armor: Ring mail         |    37 |    35 |    12 ||    84
Dodge: Dodged            |    62 |    73 |    42 ||   177
